 Dungeon Crawl Stone Soup version 0.32-a0-656-g3542139ebd (webtiles) character file.

Game seed: 18006591933404946362

121747 dialectric the Basher (level 16, -3/127 HPs)
             Began as a Coglin Hunter on Mar 8, 2024.
             Was a Priest of Jiyva.
             Slain by a +2 scimitar of holy wrath (16 damage)
             ... on level 1 of the Elven Halls.
             The game lasted 01:32:57 (36950 turns).

dialectric the Basher (Coglin Hunter)              Turns: 36950, Time: 01:32:58

Health: -3/127     AC: 18    Str: 23    XL:     16   Next: 85%
Magic:  30/30      EV: 23    Int: 10    God:    Jiyva [***...]
Gold:   1398       SH:  0    Dex: 26    Spells: 18/35 levels left

rFire   + . .        D - +9 trident of Ignis's Esteem {drain, rF+ SInv}
rCold   + . .        z - +8 whip of Bumenaeli {venom, Str+6 Int+2}
rNeg    . . .        T - +0 acid dragon scales
rPois   +            (helmet unavailable)
rElec   .            g - +2 cloak
rCorr   +            L - +2 pair of gloves {Dex+3}
SInv    +            k - +2 pair of boots
Will    +....        (amulet unavailable)
Stlth   +++          (ring unavailable)
HPRegen 1.53/turn    (ring unavailable)
MPRegen 0.78/turn    V - thermoturbine W-50 {AutoDazzle, rPois rC+ rCorr}

%: no passive effects
@: revved
A: off-hand wielding, slow wielding, warmup strikes, no jewellery, antennae 3,
strong 1
a: Renounce Religion, Oozemancy


You were on level 1 of the Elven Halls.
You worshipped Jiyva.
Jiyva was most pleased with you.
You visited 6 branches of the dungeon, and saw 26 of its levels.
You also visited: Ossuary and Ice Cave.

You collected 2055 gold pieces.
You spent 657 gold pieces at shops.

Inventory:

Hand Weapons
 u - a +3 demon whip of venom {Haoran}
 z - the +8 whip of Bumenaeli (offhand) {venom, Str+6 Int+2}
   (You found it on level 8 of the Dungeon)

   Str+6:     It affects your strength (+6).
   Int+2:     It affects your intelligence (+2).
 D - the +9 trident of Ignis's Esteem (weapon) {drain, rF+ SInv}
   (You found it on level 5 of the Lair of Beasts)

   rF+:       It protects you from fire.
   SInv:      It lets you see invisible.
 W - a +2 double sword of venom
Missiles
 H - 9 curare-tipped darts (quivered)
 N - 5 darts of dispersal
Armour
 g - a +2 cloak (worn)
 k - a +2 pair of boots (worn)
 m - a +2 robe of resistance
 t - +0 steam dragon scales
 w - a +0 helmet
 G - a +0 troll leather armour
 J - a +0 cloak of preservation
 L - a +2 pair of gloves of dexterity (worn)
 T - +0 acid dragon scales (worn)
 X - a +0 kite shield of reflection
Gizmo
 V - a thermoturbine W-50 (installed) {AutoDazzle, rPois rC+ rCorr}
   (You invented it yourself on level 1 of the Lair of Beasts)

   [thermoturbine W-50]

   AutoDazzle: It sometimes fires a blinding ray at enemies whose attacks you
   dodge.
   rC+:       It protects you from cold.
   rPois:     It protects you from poison.
   rCorr:     It protects you from acid and corrosion.
Talismans
 f - a maw talisman
Wands
 K - a wand of polymorph (24)
 O - a wand of flame (7)
 P - a wand of charming (2)
 Q - a wand of acid (5)
Scrolls
 b - 2 scrolls of butterflies
 c - a scroll of vulnerability
 d - 2 scrolls of brand weapon
 e - 6 scrolls of fog
 i - a scroll of blinking
 l - 4 scrolls of poison
 p - a scroll of torment
 q - 4 scrolls of fear
 r - a scroll of teleportation
 B - 3 scrolls of noise
 F - 3 scrolls of immolation
 S - 2 scrolls of amnesia
 U - 4 scrolls of enchant armour
Potions
 h - 5 potions of curing
 j - 3 potions of enlightenment
 n - a potion of haste
 s - 7 potions of ambrosia
 v - a potion of attraction
 x - 2 potions of heal wounds
 A - 3 potions of might
 C - 4 potions of lignification
 E - 3 potions of cancellation
 I - 4 potions of brilliance
 M - 3 potions of magic
 R - a potion of mutation
 Y - a potion of invisibility
Miscellaneous
 a - a phial of floods (inert)
 o - a phantom mirror


   Skills:
 - Level 12.0 Fighting
 - Level 5.0 Short Blades
 * Level 12.2 Maces & Flails
 + Level 4.6 Polearms
 - Level 8.0 Ranged Weapons
 - Level 9.2 Armour
 - Level 12.0 Dodging
 - Level 3.0 Stealth
 - Level 10.1 Spellcasting
 - Level 7.0 Hexes
 - Level 3.1 Air Magic
 - Level 4.0 Evocations


You had 18 spell levels left.
You knew the following spells:

 Your Spells              Type           Power      Damage    Failure   Level
a - Confusing Touch       Hex            19%        N/A       2%          3
b - Tukima's Dance        Hex            19%        N/A       2%          3
c - Discord               Hex            9%         N/A       100%        8
d - Swiftness             Air            11%        N/A       13%         3

Your spell library contained the following spells:

 Spells                   Type           Power      Damage    Failure   Level
 Jinxbite                 Hex            38%        N/A       1%          2
 Sigil of Binding         Hex            19%        N/A       2%          3
 Ensorcelled Hibernation  Hex/Ice        24%        N/A       6%          2
 Dazzling Flash           Conj/Hex       24%        N/A       12%         3
 Static Discharge         Conj/Air       16%        3-4/arc   13%         2
 Apportation              Tloc           10%        N/A       16%         1
 Foxfire                  Conj/Fire      20%        2x1d5     16%         1
 Cigotuvi's Dreadful Rot  Necr/Alch/Air  14%        N/A       16%         2
 Scorch                   Fire           10%        2d5       24%         2
 Anguish                  Hex/Necr       6%         N/A       36%         4
 Dimensional Bullseye     Hex/Tloc       6%         N/A       36%         4
 Call Canine Familiar     Summ           5%         N/A       43%         3
 Frozen Ramparts          Ice            10%        1d2       43%         3
 Passwall                 Erth           5%         N/A       43%         3
 Stone Arrow              Conj/Erth      10%        3d7       43%         3
 Volatile Blastmotes      Fire/Tloc      10%        2d10      43%         3
 Silence                  Hex/Air        7%         N/A       50%         5
 Metabolic Englaciation   Hex/Ice        6%         N/A       71%         5
 Yara's Violent Unravell  Hex/Alch       6%         3d5       71%         5
 Dispel Undead            Necr           5%         3d7       85%         4
 Fulminant Prism          Conj/Alch      2%         3d5       85%         4
 Ignite Poison            Fire/Alch      5%         N/A       85%         4
 Iskenderun's Mystic Bla  Conj/Tloc      5%         2d3       85%         4
 Leda's Liquefaction      Alch/Erth      2%         N/A       85%         4
 Martyr's Knell           Necr/Summ      5%         N/A       85%         4
 Petrify                  Alch/Erth      5%         N/A       85%         4
 Summon Blazeheart Golem  Fire/Summ      5%         N/A       85%         4
 Alistair's Intoxication  Alch           3%         N/A       99%         5
 Lee's Rapid Deconstruct  Erth           2%         3d5*      99%         5
 Death Channel            Necr           2%         N/A       100%        6
 Enfeeble                 Hex            9%         N/A       100%        7
 Orb of Destruction       Conj           2%         9d5       100%        7
 Spellforged Servitor     Conj/Summ      2%         N/A       100%        7


Dungeon Overview and Level Annotations

Branches:
Dungeon (14/15)            Temple (0/1) D:6            Lair (5/5) D:9
 Shoals (1/4) Lair:3        Snake (2/4) Lair:3        Slime (0/5) Lair:5
    Orc (2/2) D:9             Elf (2/3) Orc:2       Ossuary (visited)
  IceCv (visited)
 Vaults: D:13-14

Altars:
Dithmenos
Elyvilon
Makhleb
Nemelex Xobeh
Qazlal
Ru
Sif Muna
Vehumet
Wu Jian
Xom
Yredelemnul
Zin
Jiyva

Shops:
D:3 (   D:10 *   Orc:1 [   Orc:2 **?(

Annotations:
D:12 2 transporters, Cancer's ghost, journeyman GrEE
D:13 Kirke
D:14 Jorgrun; Nessos
Lair:2 exclusion: scrub nettle
Elf:1 2 transporters, ShinQuickMan's ghost, adept DECj


Innate Abilities, Weirdness & Mutations

You can wield a second weapon in your off-hand.
It takes a long time for you to wield or remove held weapons.
Your first few attacks do less damage.
You cannot equip rings or amulets.
You have a pair of large antennae on your head. (SInv)
Your muscles are strong. (Str +4, Int/Dex -1)


Message History

The thermic dynamo completely resists.
You miss the thermic dynamo with the +8 whip of Bumenaeli.
The thermic dynamo is moderately damaged.
You completely miss the thermic dynamo with the +9 trident of Ignis's Esteem.
The +2 scimitar of holy wrath hits you!
The thermic dynamo completely misses you.
The thermic dynamo hits you but does no damage.
The +2 scimitar of holy wrath hits you!
You puncture the thermic dynamo with the +9 trident of Ignis's Esteem!
The thermic dynamo is heavily damaged.
You hit the thermic dynamo with the +8 whip of Bumenaeli.
The +2 scimitar of holy wrath hits you!
The thermic dynamo overflows with ice and vents excess cold at you.
The rebounding bolt of cold hits you! You resist.
* * * LOW HITPOINT WARNING * * *
The rebounding bolt of cold hits you! You resist.
* * * LOW HITPOINT WARNING * * *
The rebounding bolt of cold hits the thermic dynamo.
The thermic dynamo completely resists.
You puncture the thermic dynamo with the +9 trident of Ignis's Esteem!
You destroy the thermic dynamo!
The +2 scimitar of holy wrath hits you but does no damage.
You are too injured to fight recklessly!
The +2 scimitar of holy wrath hits you but does no damage.
The +2 scimitar of holy wrath hits you.
* * * LOW HITPOINT WARNING * * *
You are too injured to fight recklessly!
Unknown command.
Unknown command.
You hit the +2 scimitar of holy wrath but do no damage.
You miss the +2 scimitar of holy wrath with the +9 trident of Ignis's Esteem.
The +2 scimitar of holy wrath hits you.
* * * LOW HITPOINT WARNING * * *
You hit the +2 scimitar of holy wrath but do no damage.
You hit the +2 scimitar of holy wrath with the +9 trident of Ignis's Esteem.
The +2 scimitar of holy wrath hits you!
* * * LOW HITPOINT WARNING * * *
The +2 scimitar of holy wrath hits you!
You die...
Jiyva sends a jelly to digest your remains.

####### #......
#......
############.....
##..+.......'.....
#@>.##########....
#(..# ##'...#
#...# ##.##.##
###.# ##.###.# .#
##.####### .#
##.###...#. .#
##.## #.<.#.
.###.## #...#.
###+##'## #.).##


You could see a +2 scimitar of holy wrath.

Vanquished Creatures
  Frances (D:13)
  Donald (Orc:2)
  The ghost of Fulij the Tortoise, a journeyman MiFi of Okawaru (D:14)
  4 hydras
  A catoblepas (Lair:1)
  2 alligators (Lair:4)
  5 vault guards (D:13)
  4 centaur warriors
  An ogre mage (D:13)
  5 two-headed ogres
  6 dancing weapons (Elf:1)
  2 anacondas
  4 boulder beetles
  A death yak (Lair:4)
  A tengu warrior (D:13)
  3 demonic crawlers (Elf:1)
  Sonja (Lair:3)
  Urug (Lair:3)
  4 orc high priests
  6 deep elf knights (Elf:1)
  A naga warrior (Lair:3)
  6 skysharks
  3 shock serpents (Snake:1)
  Amaemon (D:10)
  4 skeletal warriors
  2 deep elf archers
  A mana viper (Snake:1)
  2 arcanists
  3 thermic dynamos (Elf:1)
  3 orc knights (Orc:2)
  4 orc sorcerers
  10 deep elf pyromancers
  8 deep elf zephyrmancers
  Maurice (Orc:1)
  9 elephants
  3 cyclopes
  An ugly thing (D:13)
  3 meliai (Lair:4)
  A salamander (Snake:1)
  5 kobold blastminers
  A merfolk siren (Lair:3)
  5 black mambas
  2 naga magi (Snake:1)
  A water nymph (Shoals:1)
  An orange demon (D:10)
  4 gargoyles
  25 cane toads
  8 komodo dragons
  A rime drake (Lair:4)
  2 unseen horrors
  A queen bee (Lair:4)
  8 trolls
  A freezing wraith (D:14)
  3 merfolk (Lair:3)
  2 polar bears
  A wolf spider simulacrum (D:13)
  2 tyrant leeches
  2 hornets
  15 dream sheep
  17 blink frogs
  4 centaur simulacra
  2 shadows
  A water elemental (Elf:1)
  A vampire (D:13)
  3 fire elementals (Elf:1)
  5 wyverns
  6 basilisks
  9 vampire mosquitoes
  A human (D:13)
  4 hogs
  5 steam dragons
  75 yaks
  5 wargs
  A death yak simulacrum (IceCv)
  Menkaure (D:6)
  An acid dragon (D:12)
  4 nagas
  14 water moccasins
  2 sky beasts
  Duvessa (D:6)
  A spectral hornet (D:13)
  A swamp drake (D:9)
  2 ice beasts
  36 orc warriors
  2 laughing skulls (D:14)
  14 wolves
  5 ogres
  19 centaurs
  6 phantoms
  3 kobold brigands
  A weeping skull (D:8)
  22 bullfrogs
  7 scorpions
  6 two-headed ogre simulacra (IceCv)
  A hornet simulacrum (D:13)
  4 troll zombies (D:9)
  13 wights
  Dowan (D:6)
  An elephant simulacrum (IceCv)
  22 killer bees (Lair:4)
  4 howler monkeys
  3 bombardier beetles
  4 electric eels
  A lava snake (D:7)
  3 bullfrog zombies (Ossuary)
  3 hounds
  2 jellies
  16 orc priests
  2 sleepcaps
  A spectral boggart (D:13)
  Jessica (D:2)
  2 iguanas
  Terence (D:2)
  7 troll simulacra
  11 mummies (Ossuary)
  28 orc wizards
  A hell rat (Lair:4)
  Natasha (thrice) (D:2)
  A polar bear simulacrum (IceCv)
  A spriggan simulacrum (D:11)
  3 killer bee zombies (Ossuary)
  2 wolf simulacra (IceCv)
  A crocodile zombie (Ossuary)
  2 ogre zombies (D:9)
  A hound zombie (Ossuary)
  2 howler monkey zombies (Ossuary)
  4 gnolls (D:5)
  11 adders
  8 naga simulacra
  A shadow imp (D:6)
  9 white imps
  6 ufetubi
  4 dart slugs
  2 ribbon worms
  53 orcs
  9 ball pythons
  9 endoplasms
  4 giant cockroaches
  3 gnoll zombies (D:9)
  12 goblins
  9 hobgoblins
  8 jackals
  19 kobolds
  3 quokkas
  3 ball python zombies (Ossuary)
  6 bats
  5 frilled lizards
  6 gnoll skeletons (D:9)
  A kobold zombie (D:7)
  10 orc zombies (D:9)
  6 rats
  A spectral orc (D:8)
857 creatures vanquished.

Vanquished Creatures (collateral kills)
  A deep elf zephyrmancer (Elf:1)
  A human (D:13)
  2 nagas (Lair:3)
  2 orc warriors (Orc:2)
  A centaur (Orc:2)
  2 orcs (Orc:2)
9 creatures vanquished.

Vanquished Creatures (others)
  A boulder beetle (D:9)
  2 deep elf pyromancers (Elf:1)
  An ugly thing (D:9)
  21 dancing weapons
  2 orc warriors (D:9)
  A hornet simulacrum (D:13)
  49 jellies
  2 orc priests (Elf:1)
  2 orcs (Elf:1)
81 creatures vanquished.

Grand Total: 947 creatures vanquished

Notes
Turn   | Place    | Note
-------+----------+-------------------------------------------
     0 | D:1      | dialectric the Coglin Hunter began the quest for the Orb.
     0 | D:1      | Reached XP level 1. HP: 16/16 MP: 1/1
    82 | D:1      | Reached skill level 1 in Stealth
    84 | D:1      | Reached XP level 2. HP: 22/22 MP: 2/2
   495 | D:1      | Reached XP level 3. HP: 28/28 MP: 3/3
   988 | D:2      | Noticed Natasha
  1079 | D:2      | Reached XP level 4. HP: 30/34 MP: 4/4
  1117 | D:2      | Noticed Terence
  1122 | D:2      | Killed Terence
  1237 | D:2      | Noticed Jessica
  1242 | D:2      | Killed Jessica
  1243 | D:2      | Reached XP level 5. HP: 41/41 MP: 5/5
  1470 | D:2      | Killed Natasha
  1486 | D:2      | Noticed Natasha
  1494 | D:2      | Killed Natasha
  1613 | D:2      | Found a faded altar of an unknown god.
  1741 | D:2      | Noticed Natasha
  1745 | D:2      | Killed Natasha
  1746 | D:2      | Reached skill level 1 in Short Blades
  1746 | D:2      | Reached XP level 6. HP: 46/48 MP: 6/6
  2083 | D:3      | Found Lushrada's Weapon Shop.
  2087 | D:3      | You fall into a shaft and drop 1 floor!
  2089 | D:4      | Found a stormy altar of Qazlal.
  2409 | D:4      | Reached skill level 5 in Ranged Weapons
  2409 | D:4      | Reached XP level 7. HP: 54/54 MP: 7/7
  2423 | D:4      | Found a shimmering blue altar of Sif Muna.
  2428 | D:4      | Found a white marble altar of Elyvilon.
  2428 | D:4      | Found a burning altar of Makhleb.
  2956 | D:5      | Entered Level 5 of the Dungeon
  3249 | D:5      | Found a sacrificial altar of Ru.
  3272 | D:5      | Reached skill level 5 in Fighting
  3272 | D:5      | Reached XP level 8. HP: 62/62 MP: 8/8
  3657 | D:5      | Reached skill level 5 in Dodging
  3848 | D:5      | Reached skill level 1 in Armour
  4021 | D:5      | Found an ornate altar of the Wu Jian Council.
  4887 | D:6      | Found a radiant altar of Vehumet.
  5000 | D:6      | Reached XP level 9. HP: 36/68 MP: 9/9
  5108 | D:6      | Noticed Menkaure
  5308 | D:6      | Killed Menkaure
  5916 | D:6      | Got Seyczoc's Compilation of Bewitching Incineration
  6202 | D:6      | Found a staircase to the Ecumenical Temple.
  6219 | D:6      | Noticed Duvessa
  6220 | D:6      | Noticed Dowan
  6230 | D:6      | Killed Duvessa
  6233 | D:6      | Killed Dowan
  6372 | D:7      | Found a sparkling altar of Nemelex Xobeh.
  6441 | D:7      | Found a sand-covered staircase.
  6449 | Ossuary  | Entered an ossuary
  6664 | Ossuary  | Reached XP level 10. HP: 62/76 MP: 10/10
  8116 | D:7      | Reached skill level 1 in Spellcasting
  8306 | D:8      | Learned a level 3 spell: Confusing Touch
  8308 | D:8      | Noticed a two-headed ogre
  8325 | D:7      | Killed a two-headed ogre
  8326 | D:7      | Reached skill level 5 in Armour
  8608 | D:8      | Reached skill level 5 in Short Blades
  8812 | D:8      | Identified the +8 whip of Bumenaeli {venom, Str+6 Int+2}
  9009 | D:8      | Found a basalt altar of Yredelemnul.
  9178 | D:8      | Reached skill level 1 in Hexes
  9580 | D:8      | Paralysed by a hornet for 1 turns
  9861 | D:9      | Reached XP level 11. HP: 79/84 MP: 15/15
  9910 | D:9      | Noticed a two-headed ogre
  9911 | D:9      | Found a shimmering altar of Xom.
  9911 | D:9      | Noticed a purple ugly thing
  9913 | D:9      | Noticed a boulder beetle
  9916 | D:9      | Killed a purple ugly thing
  9917 | D:9      | Killed a two-headed ogre
  9922 | D:9      | Killed a boulder beetle
 10265 | D:9      | Found a staircase to the Orcish Mines.
 10601 | D:9      | Reached skill level 1 in Maces & Flails
 10887 | D:9      | Noticed a cyclops
 10892 | D:9      | Killed a cyclops
 11379 | D:9      | Found a staircase to the Lair.
 11589 | Lair:1   | Entered Level 1 of the Lair of Beasts
 11660 | Lair:1   | Reached skill level 5 in Spellcasting
 11660 | Lair:1   | Reached skill level 5 in Hexes
 11707 | Lair:1   | Reached XP level 12. HP: 59/93 MP: 17/19
 12688 | Lair:2   | Noticed a boulder beetle
 12697 | Lair:2   | Noticed a catoblepas
 12897 | Orc:1    | Entered Level 1 of the Orcish Mines
 13534 | Orc:1    | Found Opleloi's Armour Emporium.
 13688 | Orc:2    | Entered Level 2 of the Orcish Mines
 13689 | Orc:2    | Noticed Maurice
 13764 | D:10     | Entered Level 10 of the Dungeon
 13827 | D:10     | Noticed Amaemon
 14203 | D:10     | Learned a level 3 spell: Tukima's Dance
 14233 | D:10     | Found Zin's Purification Station.
 14247 | D:10     | Found a glowing silver altar of Zin.
 14367 | D:9      | Gained mutation: You occasionally shout uncontrollably at
                  | your foes. [potion of mutation]
 14530 | D:10     | Found a shadowy altar of Dithmenos.
 14916 | D:10     | Killed Amaemon
 15203 | Orc:1    | Maurice stole a +5 short sword of freezing {Wilfreda}
 15211 | Orc:1    | Killed Maurice
 15689 | Orc:2    | Found a staircase to the Elven Halls.
 15725 | Orc:2    | Found a burning altar of Makhleb.
 16293 | Orc:2    | Reached XP level 13. HP: 82/101 MP: 22/22
 16378 | Orc:2    | Reached skill level 5 in Maces & Flails
 16787 | Orc:2    | Found Visch's General Store.
 16787 | Orc:2    | Found Taumuten's Magic Scroll Boutique.
 16789 | Orc:2    | Found Samoso Qiod's Antique Weapon Shop.
 16791 | Orc:2    | Found Muta's General Store.
 16795 | Orc:2    | Bought 5 darts of dispersal for 54 gold pieces
 16795 | Orc:2    | Bought a wand of warping (4) for 115 gold pieces
 16796 | Orc:2    | Bought a scroll of fear for 48 gold pieces
 16796 | Orc:2    | Bought a scroll of identify for 24 gold pieces
 16796 | Orc:2    | Bought a scroll of enchant weapon for 90 gold pieces
 16803 | Orc:2    | Bought a scroll of teleportation for 36 gold pieces
 16803 | Orc:2    | Bought a potion of mutation for 96 gold pieces
 16803 | Orc:2    | Bought a potion of curing for 36 gold pieces
 16821 | Orc:2    | Noticed Donald
 17487 | D:11     | Found a frozen archway.
 17523 | IceCv    | Entered an ice cave
 17602 | IceCv    | Reached skill level 10 in Fighting
 18517 | D:11     | Got the Thoughts on Sizzling Blows
 18519 | D:11     | Got Sif Muna's Incunable of Execration and Tephra
 18573 | D:11     | Learned a level 8 spell: Discord
 19191 | D:12     | Found a transporter.
 19209 | D:12     | Noticed Cancer's ghost (journeyman GrEE)
 19214 | D:12     | Noticed an ettin
 20715 | Orc:2    | Reached skill level 10 in Dodging
 21098 | Orc:2    | Bought a wand of charming (3) for 86 gold pieces
 21099 | Orc:2    | Bought a scroll of identify for 24 gold pieces
 21329 | Elf:1    | Entered Level 1 of the Elven Halls
 21602 | D:13     | Found a runed translucent gate.
 21602 | D:13     | Found a runed translucent gate.
 21602 | D:13     | Found a runed translucent gate.
 21609 | D:13     | Noticed Fulij's ghost (journeyman MiFi)
 22385 | Lair:2   | Reached XP level 14. HP: 107/111 MP: 23/26
 22415 | Lair:1   | Acquired a thermoturbine W-50 {AutoDazzle, rPois rC+ rCorr}
 22456 | Lair:2   | Learned a level 3 spell: Swiftness
 23108 | Lair:3   | Reached skill level 1 in Air Magic
 23167 | Lair:3   | Noticed Urug
 23180 | Lair:3   | Killed Urug
 23509 | Lair:3   | Found a staircase to the Snake Pit.
 23567 | Lair:3   | Noticed Sonja
 23575 | Lair:3   | Killed Sonja
 23726 | Lair:3   | Found a staircase to the Shoals.
 25034 | Lair:5   | Entered Level 5 of the Lair of Beasts
 25311 | Lair:5   | Reached skill level 1 in Evocations
 26696 | Lair:4   | Reached skill level 10 in Spellcasting
 26699 | Lair:4   | Reached XP level 15. HP: 91/119 MP: 27/29
 28262 | Lair:5   | Found the +7 mace of Variability {chaos, chaos arc}
 28277 | Lair:5   | Identified the +9 trident of Ignis's Esteem {drain, rF+
                  | SInv}
 28322 | Lair:5   | Found a viscous altar of Jiyva.
 28627 | Lair:5   | Found a staircase to the Slime Pits.
 28631 | Lair:5   | Became a worshipper of Jiyva Juas the Shapeless
 30475 | D:13     | Reached skill level 10 in Maces & Flails
 31053 | D:14     | Noticed Frances
 31069 | D:13     | Killed Frances
 31526 | D:14     | Killed Fulij's ghost
 31530 | D:14     | Noticed Kirke
 32214 | D:14     | Reached * piety under Jiyva
 32426 | D:14     | Reached XP level 16. HP: 125/127 MP: 30/30
 32450 | D:14     | Noticed Nessos
 32451 | D:14     | Noticed Jorgrun
 32792 | D:12     | Found a transporter.
 33032 | Snake:1  | Entered Level 1 of the Snake Pit
 33288 | Shoals:1 | Entered Level 1 of the Shoals
 33801 | Snake:2  | Noticed a nagaraja
 35187 | D:13     | Paralysed by an orc sorcerer for 5 turns
 35225 | D:13     | Paralysed by something for 5 turns
 35488 | D:13     | Upgraded the game from 0.32-a0-643-ga006e7742e to
                  | 0.32-a0-656-g3542139ebd
 35642 | Orc:2    | Killed Donald
 35700 | Orc:2    | Bought a scroll of fog for 48 gold pieces
 35790 | Elf:1    | Reached ** piety under Jiyva
 35834 | Elf:1    | Reached skill level 1 in Polearms
 36018 | Elf:1    | Noticed ShinQuickMan's ghost (adept DECj)
 36163 | Elf:1    | Found a transporter.
 36702 | Elf:1    | Reached *** piety under Jiyva
 36847 | Elf:1    | Found a transporter.
 36917 | Elf:2    | Lost mutation: You occasionally shout uncontrollably at
                  | your foes. [Jiyva's grace]
 36917 | Elf:2    | Gained mutation: You have a pair of small antennae on your
                  | head. [Jiyva's grace]
 36917 | Elf:2    | Gained mutation: You have a pair of antennae on your head.
                  | [Jiyva's grace]
 36917 | Elf:2    | Gained mutation: You have a pair of large antennae on your
                  | head. (SInv) [Jiyva's grace]
 36917 | Elf:2    | Gained mutation: Your muscles are strong. (Str +4, Int/Dex
                  | -1) [Jiyva's grace]
 36950 | Elf:1    | Slain by a +2 scimitar of holy wrath

Illustrated notes

Levels and vault maps discovered:
D:1:      reono_arrival_mine, layout_loops_corners,
          nicolae_concentric_dashed_squares_wild, grunt_decor_clamped
D:2:      layout_basic, shapermc_ecumenical_altar_venn, minmay_hexomino_r4,
          uniq_natasha, uniq_terence, uniq_jessica
D:3:      layout_basic, serial_shops, nicolae_shop_advertising_works
          [nicolae_subvault_shop_adworks], st_stairs_1, minmay_tree_intersection
D:4:      layout_gridville, grunt_qazlal_sundering,
          gammafunk_temple_overflow_forgotten
D:5:      layout_layer_cave, nicolae_ru_awakened_eye,
          mainiacjoe_overflow_surrounded_room, minivault_25,
          amcnicky_mini_pool_medium
D:6:      layout_rooms, nicolae_vehumet_radiance, temple_fountains,
          serial_aquarium, aquarium_bridge_long_joined
          [aquarium_subvault_bridge, aquarium_subvault_wall,
          aquarium_subvault_wall, aquarium_subvault_bridge,
          aquarium_subvault_window, aquarium_subvault_bridge],
          aquarium_window_fake, aquarium_window_3, aquarium_window_fake,
          aquarium_window_2, aquarium_view_2f, aquarium_balcony_3b,
          aquarium_pool_1, kennysheep_generic_room_9, uniq_duvessa,
          uniq_menkaure
D:7:      layout_layer_cave, mainiacjoe_overflow_chevrons, enter_ossuary_3,
          kennysheep_generic_room_4
D:8:      layout_gridville, yredelemnul_forgotten_temple_becter,
          hangedman_abyss_or_decor_lesser_grid, kennysheep_small_square
D:9:      layout_basic, xom_confusion_cloud, erik_lair_dragon,
          zombieorc1_lemuel, lightli_minifort
D:10:     layout_basic, mainiacjoe_overflow_six_doors_small, zin_purify,
          uniq_amaemon
D:11:     cheibrodos_wizards_tower, layout_basic,
          portal_ice_cave_entry_ice_simulacra
D:12:     layout_small_grid, gammafunk_ghost_smash
D:13:     layout_roguey, grunt_vaults_entry_fortified,
          gammafunk_ghost_necromancy
D:14:     layout_cave_pools, hangedman_decor_riveting, billiards_dpeg,
          uniq_frances, uniq_jorgrun, uniq_nessos, uniq_kirke
Lair:1:   layout_loops_ring
Lair:2:   layout_cave_shapes, evilmike_ambush [evilmike_ambush_outer_doors,
          evilmike_ambush_inner_cross], uniq_gastronok
Lair:3:   layout_gridlike, elwin_shoals_entry_stream,
          nicolae_snake_entry_squirm, grunt_megastairs_1, uniq_sonja, uniq_urug
Lair:4:   layout_roguey [special_room_bee], serial_bayou, serial_bayou_pond_c,
          serial_bayou_shore_a, serial_bayou_pond_a, serial_bayou_pond_b,
          dreamdust_mushroom_princess, nicolae_lair_lakeside_cave
Lair:5:   minmay_lair_end_frog_pond, layout_long_grid, slime_entry_2,
          nicolae_lair_grazing_beasts [nicolae_sub_lair_graze_edge,
          nicolae_sub_lair_graze_edge, nicolae_sub_lair_graze_edge,
          nicolae_sub_lair_graze_edge], serial_bayou_shore_b
Shoals:1: layout_shoals
Snake:1:  layout_onion_interference, minmay_shop_grove
Snake:2:  layout_cave_shapes, serial_shops, shop, grunt_megastairs_4,
          uniq_vashnia
Orc:1:    layout_caves, serial_shops, nicolae_shop_scrapyard
Orc:2:    st_orc_rangers, layout_diamond_mine, basic_altar, uniq_donald,
          uniq_maurice
Elf:1:    nicolae_elf_arrival_no_cutting_in_line, layout_geoelf_grid,
          gammafunk_ghost_arena, hangedman_elven_crosses_minicolossus,
          einodemon_crawler_minivault
Elf:2:    nicolae_elf_blades_splatter_lattice [nicolae_blade_tridents],
          layout_geoelf_diagonals, serial_shops, bzr_entry_customers

Skill      XL: |  1  2  3  4  5  6  7  8  9 10 11 12 13 14 15 16 |
---------------+-------------------------------------------------+-----
Stealth        | 1 2 3 |  3.0
Dodging        | 2 3 4 5 6 7 8 9 10 11 12 | 12.0
Ranged Weapons | 4 5 6 7 8 |  8.0
Fighting       | 3 4 5 7 8 9 10 11 12 | 12.0
Short Blades   | 1 2 3 4 5 |  5.0
Armour         | 2 4 5 6 8 9 |  9.2
Spellcasting   | 3 5 6 8 10 | 10.1
Hexes          | 2 5 6 7 |  7.0
Maces & Flails | 2 4 7 8 10 12 | 12.2
Air Magic      | 3 |  3.1
Evocations     | 3 4 |  4.0
Polearms       | 4 |  4.6

Action                     |  1- 3 |  4- 6 |  7- 9 | 10-12 | 13-15 | 16-18 || total
---------------------------+-------+-------+-------+-------+-------+-------++-------
  Melee: Dagger            |       |    72 |   211 |   128 |       |       ||   411
         Falchion          |       |    72 |    43 |       |       |       ||   115
         Short sword       |       |       |   185 |   602 |       |       ||   787
         Whip              |       |       |       |   568 |  1248 |   354 ||  2170
         Unarmed           |       |       |       |     6 |     1 |       ||     7
         Demon whip        |       |       |       |    98 |  1262 |   203 ||  1563
         Trident           |       |       |       |       |       |   175 ||   175
   Fire: Sling             |   138 |    62 |       |       |       |       ||   200
  Throw: Dart              |       |       |       |     5 |     7 |    10 ||    22
   Cast: Confusing Touch   |       |       |       |     6 |    80 |    18 ||   104
         Tukima's Dance    |       |       |       |     2 |    63 |    29 ||    94
         Swiftness         |       |       |       |       |     1 |       ||     1
Ability: Invent Gizmo      |       |       |       |       |     1 |       ||     1
  Evoke: Wand              |       |       |    10 |    18 |    13 |     2 ||    43
         Phial of floods   |       |       |       |       |     1 |     1 ||     2
         Phantom mirror    |       |       |       |       |       |     1 ||     1
    Use: Scroll            |       |     2 |     9 |    19 |    15 |     7 ||    52
         Potion            |       |       |     1 |     4 |     3 |     1 ||     9
   Stab: Sleeping          |       |     4 |     3 |     9 |     5 |       ||    21
         Distracted        |       |       |     1 |     3 |     5 |       ||     9
         Held in net/web   |       |       |       |     3 |       |       ||     3
         Confused          |       |       |       |     5 |   112 |    28 ||   145
         Invisible         |       |       |       |       |    33 |    12 ||    45
 Armour: Leather armour    |    13 |    51 |   125 |   112 |       |       ||   301
         Steam dragon scal |       |       |       |   319 |    65 |       ||   384
         Acid dragon scale |       |       |       |       |   710 |   272 ||   982
         Robe              |       |       |       |       |    90 |       ||    90
         Skin              |       |       |       |       |     3 |       ||     3
  Dodge: Dodged            |    20 |    67 |   178 |   722 |  1478 |   309 ||  2774

Table legend: (Time is in decaauts)
 A = Elapsed time spent in this place.
 B = Non-inter-level travel time spent in this place.
 C = Inter-level travel time spent in this place.
 D = Time resting spent in this place.
 E = Time spent auto-exploring this place.
 F = Levels seen in this place.
 G = Mean time per level.
                   A        B        C        D        E       F      G
               +--------+--------+--------+--------+--------+-----+--------+
         Total |  36564 |  33399 |   3165 |   6664 |  15719 |  28 | 1305.9 |
       Dungeon |  19809 |  17840 |   1969 |   2913 |  10318 |  14 | 1414.9 |
          Lair |   9314 |   8590 |    724 |   2572 |   3066 |   5 | 1862.8 |
        Shoals |      9 |      9 |      0 |      0 |      0 |   1 |    9.0 |
     Snake Pit |   1124 |   1016 |    108 |     67 |    515 |   2 |  562.0 |
  Orcish Mines |   3920 |   3589 |    331 |    741 |   1202 |   2 | 1960.0 |
   Elven Halls |   1190 |   1160 |     30 |     95 |    321 |   2 |  595.0 |
       Ossuary |    497 |    497 |      0 |      0 |    297 |   1 |  497.0 |
      Ice Cave |    698 |    698 |      0 |    275 |      0 |   1 |  698.0 |
               +--------+--------+--------+--------+--------+-----+--------+

Top non-repeatable levels by time:
  Lair:4: 3370 daAuts
     D:9: 3285 daAuts
   Orc:2: 2880 daAuts
    D:13: 2476 daAuts
  Lair:1: 1949 daAuts
     D:5: 1924 daAuts
  Lair:3: 1644 daAuts
    D:12: 1636 daAuts
  Lair:5: 1582 daAuts
     D:7: 1554 daAuts
     D:6: 1434 daAuts
    D:10: 1392 daAuts
     D:8: 1347 daAuts
    D:11: 1235 daAuts
   Elf:1: 1143 daAuts
